[Event "Titled Tuesday Blitz July 20 2021"]
[White "Pulpan, Jakub"]
[Black "Vagman, Roy"]
[WhiteFideId "302759"]
[BlackFideId "2828995"]
[WhiteElo "2471"]
[BlackElo "1782"]
[Result "1-0"]
[Round "01"]
[TimeControl "180+1"]
[Date "2021.07.21"]
[WhiteClock "0:01:45"]
[BlackClock "0:00:13"]

1. e4 c5 2. Nf3 d6 3. d4 cxd4 4. Bc4 Nf6 5. Nxd4 Nc6 6. f3 e5 7. Nb3 Be7 8. O-O O-O 9. Be3 Be6 10. Bxe6 fxe6 11. c4 b6 12. Nc3 Nd7 13. Rc1 Nc5 14. Qd2 Nxb3 15. axb3 Bf6 16. Rfd1 Nd4 17. Rb1 a5 18. Nb5 Nxb5 19. cxb5 Be7 20. Rbc1 Rc8 21. Rc6 Rxc6 22. bxc6 Qc7 23. Rc1 Rc8 24. b4 axb4 25. Qxb4 d5 26. Qxb6 d4 27. Qxc7 Rxc7 28. Bd2 Kf7 29. Ba5 Rc8 30. b4 Bg5 31. Rc4 d3 32. Kf1 Ke7 33. b5 Ra8 34. Bb4+ Kd8 35. b6 Be3 36. b7 Ra1+ 37. Be1 Kc7 38. Rb4 Ba7 39. Rb2 Kxc6 40. g4 Kc7 41. Rd2 Ra3 42. Bg3 Kxb7 43. Bxe5 Rb3 44. Bxg7 Be3 45. Rb2 Rxb2 46. Bxb2 Bf4 47. h4 Kc6 48. Ke1 Kb5 49. Kd1 Kc4 50. Bc1 Bg3 51. h5 e5 52. g5 Bh4 53. g6 hxg6 54. hxg6 Bf6 55. Bh6 Kd4 56. Kd2 Bh8 57. g7 Bxg7 58. Bxg7 Kc4 59. Bxe5 Kb4 60. Kxd3 Kc5 61. Bh2 Kc6 62. f4 Kd7 63. e5 Ke6 64. Ke4 Kf7 65. f5 Kg7 66. Bg1 Kf7 67. e6+ Kf8 68. Kf4 Ke7 69. Ke5 Ke8 70. f6 Kf8 71. f7 Ke7 72. Kf5 Kd6 73. f8=Q+ Kc6 74. Qc5+ Kb7 75. Qb6+ Kc8 76. Qa7 Kd8 77. Qd7# 1-0


[Site "https://www.chess.com"]

[Event "Titled Tuesday Blitz July 20 2021"]
[White "Quintiliano Pinto, Renato R."]
[Black "Manukian, Artak"]
[WhiteFideId "2117568"]
[BlackFideId "13301373"]
[WhiteElo "2439"]
[BlackElo "2365"]
[Result "1-0"]
[Round "01"]
[TimeControl "180+1"]
[Date "2021.07.21"]
[WhiteClock "0:00:59"]
[BlackClock "0:01:40"]

1. d4 Nf6 2. c4 b6 3. Nc3 Bb7 4. a3 d6 5. Nf3 Nbd7 6. Qc2 e5 7. d5 a5 8. Rb1 Be7 9. e4 O-O 10. b4 axb4 11. axb4 Nh5 12. g3 g6 13. Be2 f5 14. exf5 gxf5 15. h4 f4 16. Ng5 Nhf6 17. Ne6 Qe8 18. Nxc7 Qf7 19. Nxa8 fxg3 20. fxg3 Bxa8 21. O-O Qg7 22. Qd3 e4 23. Nxe4 Ne5 24. Nxf6+ Bxf6 25. Qe3 Kh8 26. Rf4 Ng6 27. Rxf6 Qxf6 28. Bb2 Ne5 29. Rf1 Qg7 30. Rxf8+ Qxf8 31. Bxe5+ dxe5 32. Qxe5+ Kg8 33. Bg4 Qxb4 34. Be6+ Kf8 35. Qf6+ Ke8 36. Qf7+ 1-0


[Site "https://www.chess.com"]

[Event "Titled Tuesday Blitz July 20 2021"]
[White "Quparadze, Giga"]
[Black "Gabdushev, Ruslan"]
[WhiteFideId "13602250"]
[BlackFideId "4137833"]
[WhiteElo "2658"]
[BlackElo "2312"]
[Result "1-0"]
[Round "01"]
[TimeControl "180+1"]
[Date "2021.07.20"]
[WhiteClock "0:01:24"]
[BlackClock "0:00:13"]

1. e4 Nc6 2. Nf3 d6 3. d4 Bg4 4. Be3 Nf6 5. Nc3 e6 6. h3 Bh5 7. Be2 d5 8. e5 Nd7 9. Nd2 Bg6 10. O-O Nb4 11. Rc1 c5 12. Nf3 Nc6 13. dxc5 Bxc5 14. Bxc5 Nxc5 15. Nb5 O-O 16. Bd3 a6 17. Bxg6 hxg6 18. Nbd4 Qc7 19. Nxc6 bxc6 20. c4 Qb6 21. cxd5 cxd5 22. Qd4 Rfc8 23. b4 Nd7 24. Qh4 f6 25. exf6 gxf6 26. Rfe1 e5 27. Rxc8+ Rxc8 28. Qg4 f5 29. Qh4 e4 30. Qe7 Nf8 31. Ng5 Qc7 32. Qf6 Rd8 33. Rd1 Rd6 34. Qe5 Qd8 35. h4 d4 36. Qc5 d3 37. Qc4+ Rd5 38. Qxa6 Qd6 39. Qc4 Kg7 40. b5 Qc5 41. Qa4 e3 42. fxe3 Qxe3+ 43. Kh2 Qe5+ 44. Kh1 Rd4 45. Qa7+ Nd7 46. Nf3 Qe2 47. Qxd4+ Kf7 48. Qxd7+ 1-0


[Site "https://www.chess.com"]

[Event "Titled Tuesday Blitz July 20 2021"]
[White "Redzisz, Michal"]
[Black "Mohammad Fahad, Rahman"]
[WhiteFideId "21816107"]
[BlackFideId "10207791"]
[WhiteElo "1866"]
[BlackElo "2323"]
[Result "0-1"]
[Round "01"]
[TimeControl "180+1"]
[Date "2021.07.21"]
[WhiteClock "0:00:59"]
[BlackClock "0:01:15"]

1. e4 c5 2. Nc3 Nc6 3. Bb5 g6 4. Nge2 Bg7 5. Bxc6 dxc6 6. d3 e5 7. Be3 b6 8. O-O Ne7 9. f4 exf4 10. Bxf4 O-O 11. Qd2 Ba6 12. Bh6 c4 13. Bxg7 Kxg7 14. d4 Ng8 15. Rf3 Qe7 16. Raf1 Rad8 17. Qf4 b5 18. e5 Bc8 19. Ne4 Bf5 20. N2g3 Bxe4 21. Qxe4 Qe6 22. c3 c5 23. Qg4 Qxg4 0-1


[Site "https://www.chess.com"]

[Event "Titled Tuesday Blitz July 20 2021"]
[White "Rosen, Eric"]
[Black "Boskovic, Drasko"]
[WhiteFideId "2032562"]
[BlackFideId "927368"]
[WhiteElo "2362"]
[BlackElo "2388"]
[Result "1-0"]
[Round "01"]
[TimeControl "180+1"]
[Date "2021.07.21"]
[WhiteClock "0:01:35"]
[BlackClock "0:01:05"]

1. d4 Nf6 2. Bf4 c5 3. e3 Nd5 4. Bg3 Qb6 5. b3 cxd4 6. exd4 Nc6 7. c3 d6 8. Bd3 g6 9. Ne2 Bg7 10. O-O O-O 11. Nd2 Nxc3 12. Nxc3 Qxd4 13. Nde4 Nb4 14. Bc4 Bf5 15. Qxd4 Bxd4 16. Rad1 Bg7 17. a3 Nc6 18. f3 Na5 19. Nd5 Rae8 20. Rfe1 e6 21. Nxd6 Nxc4 22. Nxe8 Rxe8 23. bxc4 1-0


[Site "https://www.chess.com"]

[Event "Titled Tuesday Blitz July 20 2021"]
[White "Samsonkin, Artiom"]
[Black "Kaminski, Victor"]
[WhiteFideId "13503111"]
[BlackFideId "1131630"]
[WhiteElo "2513"]
[BlackElo "2181"]
[Result "1-0"]
[Round "01"]
[TimeControl "180+1"]
[Date "2021.07.21"]
[WhiteClock "0:00:08"]
[BlackClock "0:00:02"]

1. e4 e5 2. Nf3 Nc6 3. d4 exd4 4. Bc4 Nf6 5. e5 d5 6. Bb5 Ne4 7. Nxd4 Bd7 8. Bxc6 bxc6 9. O-O Bc5 10. f3 Ng5 11. Be3 Ne6 12. c3 O-O 13. f4 Nxd4 14. cxd4 Be7 15. f5 Bg5 16. Qd2 h6 17. Nc3 Rb8 18. b3 c5 19. dxc5 Bxe3+ 20. Qxe3 Bxf5 21. Rxf5 d4 22. Qd2 dxc3 23. Qxc3 Qd5 24. Rc1 Rb5 25. Rf3 Re8 26. Re3 Re6 27. a4 Rb8 28. h3 Rbe8 29. Rce1 Rc6 30. b4 a5 31. Rd3 axb4 32. Rxd5 bxc3 33. Rc1 Ra8 34. Rxc3 Rxa4 35. Rf3 Rc4 36. Rd8+ Kh7 37. Rxf7 R6xc5 38. Rdd7 Rxe5 39. Rxg7+ Kh8 40. Rh7+ Kg8 41. Rxh6 Rc1+ 42. Kh2 Rg5 43. Re6 Rc2 44. Re8# 1-0


[Site "https://www.chess.com"]

[Event "Titled Tuesday Blitz July 20 2021"]
[White "Schmidt, Harald"]
[Black "Remizov, Yaroslav"]
[WhiteFideId "4648358"]
[BlackFideId "34134015"]
[WhiteElo "2356"]
[BlackElo "2335"]
[Result "1/2-1/2"]
[Round "01"]
[TimeControl "180+1"]
[Date "2021.07.21"]
[WhiteClock "0:00:34"]
[BlackClock "0:00:12"]

1. e4 c5 2. Nf3 d6 3. c3 Nf6 4. h3 Nc6 5. Bd3 e5 6. Bc2 Be7 7. d4 cxd4 8. cxd4 O-O 9. Nc3 Nb4 10. Bb3 exd4 11. Nxd4 d5 12. a3 Nc6 13. exd5 Nxd4 14. Qxd4 b6 15. O-O Bc5 16. Qh4 Ba6 17. Re1 h6 18. Be3 Nd7 19. Qg3 Bxe3 20. Rxe3 Nc5 21. Bc2 Rc8 22. Rae1 Qf6 23. Qe5 Qxe5 24. Rxe5 Bd3 25. Bd1 Bg6 26. Re7 Nd3 27. R1e2 Nxb2 28. Rxb2 Rxc3 29. Rxa7 Rc1 30. Rd2 Bc2 31. Rxc2 Rxd1+ 32. Kh2 Rxd5 33. Rb2 Rb8 34. a4 b5 35. Ra5 Rd4 36. axb5 Rd5 37. Kg3 g6 38. Kf3 Kg7 39. g3 Kf6 40. Ra6+ Kg7 41. b6 Rd6 42. Kf4 Re6 43. h4 h5 44. Rb5 Rb7 45. Rb2 Rb8 46. Kf3 Rb7 47. Kg2 Rb8 48. f3 Rb7 49. g4 hxg4 50. fxg4 Rb8 51. Rb3 Rb7 52. Kg3 Rb8 53. Kf4 Rb7 54. h5 gxh5 55. gxh5 Rb8 56. Kg5 Re5+ 57. Kg4 Re6 58. Kf5 Kh6 59. Ra7 Rbxb6 60. Rxb6 Rxb6 61. Rxf7 Rb5+ 62. Kg4 Rg5+ 63. Kf4 Rxh5 1/2-1/2


[Site "https://www.chess.com"]

[Event "Titled Tuesday Blitz July 20 2021"]
[White "Seo, Jung Min"]
[Black "Orantes Taboada, Francisco"]
[WhiteFideId "1734687"]
[BlackFideId "22274758"]
[WhiteElo "2736"]
[BlackElo "2400"]
[Result "0-1"]
[Round "01"]
[TimeControl "180+1"]
[Date "2021.07.21"]
[WhiteClock "0:01:15"]
[BlackClock "0:00:20"]

1. e4 c5 2. Nf3 Nc6 3. d4 cxd4 4. Nxd4 e5 5. Nb5 d6 6. c4 Be7 7. N1c3 a6 8. Na3 f5 9. exf5 Bxf5 10. Bd3 Be6 11. Nc2 Nf6 12. O-O O-O 13. Ne3 Nd4 14. b3 Rc8 15. Bb2 Nd7 16. Ncd5 Bg5 17. Nc3 Nc5 18. Ne4 Nxd3 19. Qxd3 Bf4 20. Rad1 Qh4 21. Ng3 Bg4 22. Rde1 Be6 23. Nd5 Bxd5 24. cxd5 Nc2 25. Re2 Nb4 26. Qe4 Nxa2 27. Bxe5 dxe5 28. Ree1 Nc3 29. Qd3 Nb5 30. d6 Rc3 31. Qd5+ Kh8 32. d7 Nd4 33. Qxb7 Rc6 34. Re4 Rd6 35. Qc8 Qd8 36. Qc7 Qxc7 0-1


[Site "https://www.chess.com"]

[Event "Titled Tuesday Blitz July 20 2021"]
[White "Shahade, Gregory"]
[Black "Hoffmann, Asa"]
[WhiteFideId "2009064"]
[BlackFideId "2001470"]
[WhiteElo "2701"]
[BlackElo "2117"]
[Result "1-0"]
[Round "01"]
[TimeControl "180+1"]
[Date "2021.07.21"]
[WhiteClock "0:00:20"]
[BlackClock "0:00:01"]

1. e4 d6 2. d4 Nf6 3. Nc3 c6 4. f4 Qa5 5. Bd3 e5 6. Nf3 exd4 7. Nxd4 Qb6 8. Nf3 Be7 9. Qe2 Bg4 10. h3 Bxf3 11. Qxf3 Nbd7 12. Rb1 O-O 13. Be3 Qc7 14. O-O Rfe8 15. Rbe1 b5 16. a3 Bf8 17. Bd4 c5 18. Nxb5 Qb6 19. Bf2 a6 20. Nc3 Qxb2 21. Bc4 Qxa3 22. Bb3 Rac8 23. Ra1 Qb4 24. Rxa6 c4 25. Ra4 Qb7 26. Bxc4 Nc5 27. Bxc5 Rxc5 28. Nd5 Nxd5 29. Bxd5 Qc7 30. c4 Rb8 31. Rfa1 Qd8 32. Ra7 Rc7 33. Kh2 Rbc8 34. Qg4 g6 35. h4 Qf6 36. h5 Kg7 37. hxg6 hxg6 38. R1a2 Be7 39. Rxc7 1-0


[Site "https://www.chess.com"]

[Event "Titled Tuesday Blitz July 20 2021"]
[White "Shevtchenko, Olesya"]
[Black "Zubov, Alexander"]
[WhiteFideId "24131890"]
[BlackFideId "14109409"]
[WhiteElo "2003"]
[BlackElo "2740"]
[Result "0-1"]
[Round "01"]
[TimeControl "180+1"]
[Date "2021.07.20"]
[WhiteClock "0:00:11"]
[BlackClock "0:00:50"]

1. e4 e5 2. Bc4 Nf6 3. d3 c6 4. Nf3 d5 5. Bb3 a5 6. a4 Bb4+ 7. Bd2 Bxd2+ 8. Qxd2 Nbd7 9. Nc3 d4 10. Ne2 O-O 11. Ng3 g6 12. h4 Ng4 13. h5 Qf6 14. hxg6 hxg6 15. Ng5 Qf4 16. Qxf4 exf4 17. Ne2 Nc5 18. Bc4 Ne5 19. Nxf4 Nxc4 20. dxc4 Re8 21. f3 f6 22. Ngh3 Kg7 23. Nd3 Nd7 24. Kf2 g5 25. Kg3 b6 26. Rh2 Ba6 27. b3 Rh8 28. Rah1 b5 29. cxb5 cxb5 30. axb5 Bxb5 31. Nhf2 Rxh2 32. Rxh2 Rc8 33. Ne1 a4 34. bxa4 Bxa4 35. Rh1 Ne5 36. Nfd3 Nc4 37. f4 Ne3 38. fxg5 fxg5 39. Nf3 Bxc2 40. Nb4 d3 41. Rc1 Rb8 42. Nxc2 dxc2 43. Nd4 Rb1 44. Rxc2 Nxc2 0-1


[Site "https://www.chess.com"]

[Event "Titled Tuesday Blitz July 20 2021"]
[White "Shubenkova, Veronika"]
[Black "Kretov, Evgenij"]
[WhiteFideId "44124040"]
[BlackFideId "4167821"]
[WhiteElo "1895"]
[BlackElo "2400"]
[Result "0-1"]
[Round "01"]
[TimeControl "180+1"]
[Date "2021.07.21"]
[WhiteClock "0:00:59"]
[BlackClock "0:00:49"]

1. d4 Nf6 2. Nf3 e6 3. e3 b6 4. Bd3 c5 5. O-O Bb7 6. Ne5 Be7 7. c3 O-O 8. f4 Nc6 9. Nd2 d6 10. Nef3 d5 11. Ne5 Ne8 12. Rf3 f5 13. Rh3 Nf6 14. b3 a5 15. a4 Qc7 16. Bb2 Ba6 17. Bb5 Bxb5 18. axb5 Nxe5 19. dxe5 Ng4 20. c4 Rfd8 21. Qc2 dxc4 22. bxc4 Qd7 23. Bc3 Qd3 24. Qb2 Qe2 25. Rf1 Nxe3 26. Rf2 Qd1+ 27. Nf1 Ng4 28. Rd2 Rxd2 29. Qxd2 Rd8 30. Qb2 Qa4 31. Rg3 Qxc4 32. h3 Nh6 33. Nd2 Qxf4 34. Rf3 Qh4 35. Nb3 Rd1+ 36. Rf1 Rxf1+ 37. Kxf1 Qc4+ 38. Kg1 Qxb5 39. Qa2 a4 40. Nd2 Qd7 41. Nc4 b5 42. Nb6 Qc6 43. Na8 Kf7 44. g4 Qxa8 45. gxf5 Nxf5 0-1


[Site "https://www.chess.com"]

[Event "Titled Tuesday Blitz July 20 2021"]
[White "Sihite, Chelsie Monica Ignesias"]
[Black "Leitao, Rafael"]
[WhiteFideId "7101198"]
[BlackFideId "2101246"]
[WhiteElo "2395"]
[BlackElo "2728"]
[Result "0-1"]
[Round "01"]
[TimeControl "180+1"]
[Date "2021.07.21"]
[WhiteClock "0:00:49"]
[BlackClock "0:01:07"]

1. c4 Nf6 2. g3 e5 3. Bg2 Nc6 4. Nc3 Bc5 5. Nf3 d6 6. O-O O-O 7. d3 h6 8. a3 a6 9. b4 Ba7 10. Rb1 Re8 11. e4 Bg4 12. h3 Bxf3 13. Bxf3 Nd4 14. Bg2 c6 15. Kh2 b5 16. f4 c5 17. fxe5 dxe5 18. Nd5 Nxd5 19. exd5 Rc8 20. Qh5 Qd7 21. h4 cxb4 22. Bh3 Qb7 23. Bxc8 Rxc8 24. Qxe5 Qd7 25. Qh5 Re8 26. axb4 Re2+ 27. Rf2 Rxf2+ 28. Kg1 Nf3+ 0-1


[Site "https://www.chess.com"]

[Event "Titled Tuesday Blitz July 20 2021"]
[White "Sinitsina, Anastassia"]
[Black "Maltsevskaya, Aleksandra"]
[WhiteFideId "4504640"]
[BlackFideId "24174041"]
[WhiteElo "2204"]
[BlackElo "2225"]
[Result "1-0"]
[Round "01"]
[TimeControl "180+1"]
[Date "2021.07.21"]
[WhiteClock "0:00:14"]
[BlackClock "0:00:19"]

1. Nf3 Nf6 2. g3 g6 3. Bg2 Bg7 4. O-O O-O 5. d4 d6 6. c4 Nbd7 7. Nc3 e5 8. h3 exd4 9. Nxd4 Nc5 10. Be3 a5 11. b3 c6 12. Qd2 Re8 13. Rad1 Nfe4 14. Nxe4 Nxe4 15. Qd3 Nc5 16. Qc2 Rxe3 17. fxe3 Qe7 18. Nf3 Qxe3+ 19. Kh2 Bf5 20. Qd2 Qe8 21. Qxd6 Ne4 22. Qc7 h5 23. Qxb7 Rc8 24. Qb6 h4 25. Nxh4 Nxg3 26. Kxg3 Qxe2 27. Nf3 Re8 28. Rd8 Be5+ 29. Nxe5 Qxe5+ 30. Kf3 Be4+ 31. Kf2 Qf6+ 32. Kg1 Qxd8 33. Qxd8 Rxd8 34. Bxe4 Rd6 35. Rf2 Kg7 36. Kg2 f5 37. Bf3 Kf6 38. Re2 g5 39. Kf2 Kg6 40. Kg3 Kf6 41. h4 g4 42. Bg2 Rd3+ 43. Kf2 f4 44. Bxc6 f3 45. Re3 Rd2+ 46. Kg3 Rg2+ 47. Kf4 Rxa2 48. Kxg4 f2 49. Rf3+ Ke5 50. Kg3 Rb2 51. Ba4 Ke4 52. Rxf2 Rb1 53. h5 Rg1+ 54. Kh4 Rh1+ 55. Kg5 Rg1+ 56. Kf6 Rg8 57. h6 Rf8+ 58. Kg7 Rxf2 59. h7 Rg2+ 60. Kf7 Rh2 61. Kg7 Rg2+ 62. Kf8 Rh2 63. Bc6+ Ke5 64. Kg7 Kd4 65. h8=Q Rxh8 66. Kxh8 Kc3 67. Ba4 Kb4 68. Kg7 Kc5 69. Kf6 Kb6 70. Ke5 Kc5 71. Ke4 Kb6 72. Kd5 Ka6 73. Kc5 Ka7 74. Kb5 Kb7 75. Kxa5 Ka7 76. c5 Kb8 77. c6 Kc7 78. Kb5 Kb8 79. Kc5 Kc7 80. b4 Kb8 81. b5 Ka7 82. b6+ Ka6 83. c7 Kb7 84. Bd7 Ka6 85. c8=Q+ Ka5 86. b7 Ka6 87. b8=Q+ Ka5 88. Qa7# 1-0


[Site "https://www.chess.com"]

[Event "Titled Tuesday Blitz July 20 2021"]
[White "Siva Mahadevan"]
[Black "Pajeken, Jakob Leon"]
[WhiteFideId "25043153"]
[BlackFideId "12942839"]
[WhiteElo "2781"]
[BlackElo "2418"]
[Result "1-0"]
[Round "01"]
[TimeControl "180+1"]
[Date "2021.07.21"]
[WhiteClock "0:00:25"]
[BlackClock "0:00:27"]

1. e4 e5 2. Nf3 Nc6 3. Bb5 a6 4. Ba4 Nf6 5. O-O Be7 6. Re1 b5 7. Bb3 d6 8. c3 O-O 9. h3 Na5 10. Bc2 c5 11. d4 Qc7 12. Nbd2 cxd4 13. cxd4 Nc6 14. Nb3 a5 15. Be3 a4 16. Nbd2 Nb4 17. Bb1 Bd7 18. a3 Nc6 19. Bd3 Qb7 20. Qe2 Rab8 21. Rac1 Rfe8 22. dxe5 Nxe5 23. Nxe5 dxe5 24. Bc5 Bxc5 25. Rxc5 Rbc8 26. Rec1 Rxc5 27. Rxc5 b4 28. Nc4 bxa3 29. bxa3 Qb8 30. Qd2 Bb5 31. Rxb5 Qxb5 32. Nd6 Qb3 33. Nxe8 Nxe8 34. Bc2 Qxa3 35. Qd1 g6 36. Bxa4 Nf6 37. Bc2 Kg7 38. Qd3 Qc5 39. g3 h5 40. Kg2 Ne8 41. Bb3 Nc7 42. Qd7 Nb5 43. Qxf7+ Kh6 44. Qg8 Qe7 45. Qh8+ Qh7 46. Qxe5 Nc7 47. Qf4+ Kg7 48. Qxc7+ Kh6 49. Qxh7+ Kxh7 50. f4 Kg7 51. e5 Kh6 52. Kf3 g5 53. f5 g4+ 54. hxg4 Kg5 55. gxh5 Kxf5 56. e6 Kf6 57. h6 Kg6 58. e7 Kf6 59. e8=Q Kf5 60. h7 Kg5 61. h8=Q Kf5 62. Qhe5# 1-0


[Site "https://www.chess.com"]

[Event "Titled Tuesday Blitz July 20 2021"]
[White "Sjugirov, Sanan"]
[Black "Roman, Rodrigo"]
[WhiteFideId "4189302"]
[BlackFideId "3701220"]
[WhiteElo "2472"]
[BlackElo "2043"]
[Result "1-0"]
[Round "01"]
[TimeControl "180+1"]
[Date "2021.07.20"]
[WhiteClock "0:00:04"]
[BlackClock "0:00:41"]

1. Nf3 Nf6 2. c4 g6 3. Nc3 Bg7 4. e4 d6 5. d4 O-O 6. Be2 c5 7. O-O Nc6 8. d5 Na5 9. Re1 e5 10. Rb1 b6 11. a3 Nb7 12. b4 cxb4 13. axb4 a5 14. bxa5 Rxa5 15. Nd2 Nc5 16. Nb3 Na4 17. Nxa4 Rxa4 18. Bd3 Nd7 19. Nd4 Nc5 20. Nc6 Qc7 21. Be3 Ra3 22. Bc2 h6 23. Qc1 Rc3 24. Qd2 Rxc4 25. Bd3 Nxe4 26. Qa2 Rxc6 27. dxc6 Nc5 28. Bxc5 dxc5 29. Qa4 Be6 30. Qb5 Rb8 31. Red1 Bd5 32. Bxg6 Bxc6 33. Qb3 b5 34. Bc2 c4 35. Qb4 Bf8 36. Qc3 Bc5 37. Qg3+ Kh8 38. Qh4 Bf8 39. Qf6+ Bg7 40. Qd6 Qxd6 41. Rxd6 Be8 42. Rbd1 Kg8 43. Rd8 Rxd8 44. Rxd8 Kf8 45. Rb8 Ke7 46. Kf1 h5 47. f3 Bh6 48. Ke2 Bc1 49. Be4 Ba3 50. Bd5 f6 51. h3 Bd7 52. g4 hxg4 53. fxg4 Kd6 54. Be4 b4 55. Bf5 Bxf5 56. gxf5 b3 57. Kd2 Kc7 58. Rb5 Kc6 59. Rb8 Kc7 60. Ra8 Bb4+ 61. Kc1 c3 62. Ra4 b2+ 63. Kc2 1-0


[Site "https://www.chess.com"]

[Event "Titled Tuesday Blitz July 20 2021"]
[White "SmirnovAlexandrA"]
[Black "Darini, Pouria"]
[BlackFideId "12502200"]
[WhiteElo "2366"]
[BlackElo "2489"]
[Result "0-1"]
[Round "01"]
[TimeControl "180+1"]
[Date "2021.07.21"]
[WhiteClock "0:00:16"]
[BlackClock "0:00:15"]

1. e4 c5 2. Nf3 d6 3. d4 cxd4 4. Nxd4 Nf6 5. Nc3 a6 6. Bg5 Nbd7 7. f4 Qc7 8. Qf3 h6 9. Bh4 g5 10. fxg5 hxg5 11. Bxg5 Qc5 12. Be3 Ne5 13. Qe2 Neg4 14. Bg1 Bh6 15. h3 Bf4 16. Nb3 Bg3+ 17. Kd1 Qg5 18. Nd5 Nxd5 19. exd5 Qxd5+ 20. Qd2 Qxd2+ 21. Kxd2 Bf4+ 22. Kd1 Ne3+ 23. Bxe3 Bxe3 24. Bd3 f5 25. Ke2 f4 26. Be4 e5 27. c4 Ke7 28. Nd2 Be6 29. b3 Rab8 30. a4 Rhg8 31. Bf3 b5 32. cxb5 axb5 33. a5 d5 34. b4 Rbc8 35. Rac1 e4 36. Bg4 Rxg4 37. hxg4 Bxg4+ 0-1


[Site "https://www.chess.com"]

[Event "Titled Tuesday Blitz July 20 2021"]
[White "Stearman, Josiah"]
[Black "Shvedova, Alexandra"]
[WhiteFideId "2062496"]
[BlackFideId "54154782"]
[WhiteElo "2402"]
[BlackElo "1887"]
[Result "1/2-1/2"]
[Round "01"]
[TimeControl "180+1"]
[Date "2021.07.21"]
[WhiteClock "0:01:34"]
[BlackClock "0:01:00"]

1. e4 e5 2. Nf3 Nc6 3. Bc4 Bc5 4. O-O Nf6 5. d4 Bxd4 6. Nxd4 Nxd4 7. f4 d6 8. fxe5 dxe5 9. Bg5 Be6 10. Na3 Qe7 11. c3 Bxc4 12. Bxf6 gxf6 13. Nxc4 Ne6 14. b4 Rg8 15. Ne3 Nf4 16. g3 Qe6 17. Nf5 Qc4 18. Kh1 Qxe4+ 19. Qf3 Qxf5 20. Qxb7 Rd8 21. gxf4 Rd2 22. Qc6+ Qd7 23. Qa8+ Qd8 24. Qc6+ Qd7 25. Qa8+ Qd8 26. Qc6+ Qd7 1/2-1/2


[Site "https://www.chess.com"]

[Event "Titled Tuesday Blitz July 20 2021"]
[White "Stribuk, Artiom"]
[Black "Walentukiewicz, Michal"]
[WhiteFideId "13515659"]
[BlackFideId "1126903"]
[WhiteElo "2224"]
[BlackElo "1974"]
[Result "0-1"]
[Round "01"]
[TimeControl "180+1"]
[Date "2021.07.21"]
[WhiteClock "0:00:02"]
[BlackClock "0:00:20"]

1. d4 c5 2. d5 d6 3. Nf3 Nf6 4. c4 g6 5. Nc3 Bg7 6. g3 O-O 7. Bg2 e6 8. O-O exd5 9. cxd5 Na6 10. Nd2 Nc7 11. a4 a6 12. Nc4 Rb8 13. Bf4 Nfe8 14. a5 g5 15. Bd2 f5 16. Nb6 h6 17. Qa4 Nf6 18. e4 fxe4 19. Nxe4 Bf5 20. Nxf6+ Qxf6 21. Bc3 Qf7 22. Bxg7 Kxg7 23. Qc4 Nb5 24. b4 cxb4 25. Qxb4 Rbe8 26. Rfe1 Rxe1+ 27. Rxe1 Re8 28. Qb2+ Kg6 29. Qd2 Re7 30. Bf1 Qe8 31. Rc1 h5 32. Nc4 Be4 33. Ne3 Qf7 34. Bxb5 Qf3 35. Kf1 axb5 36. Rc8 Qh1+ 37. Ke2 Bf3+ 38. Kd3 Qb1+ 39. Kc3 b4+ 40. Kc4 Re4+ 41. Kb5 Qf1+ 42. Kb6 Qa6+ 43. Kc7 Qxa5+ 44. Kb8 b5 45. Qb2 Qb6+ 46. Ka8 Rd4 47. Rc6 Bxd5 0-1


[Site "https://www.chess.com"]

[Event "Titled Tuesday Blitz July 20 2021"]
[White "Tanenbaum, Zachary"]
[Black "Rangel, Daniel"]
[WhiteFideId "2060850"]
[BlackFideId "2124475"]
[WhiteElo "2741"]
[BlackElo "2403"]
[Result "1-0"]
[Round "01"]
[TimeControl "180+1"]
[Date "2021.07.21"]
[WhiteClock "0:00:20"]
[BlackClock "0:00:07"]

1. e4 c6 2. d4 d5 3. exd5 cxd5 4. Bd3 Nf6 5. c3 g6 6. Bf4 Bg7 7. Nf3 O-O 8. O-O Nc6 9. Nbd2 Bf5 10. Bxf5 gxf5 11. Ne5 e6 12. Qf3 Ne4 13. Nxe4 dxe4 14. Qg3 Nxe5 15. Bxe5 f6 16. Bd6 Rf7 17. f3 Kh8 18. Rae1 exf3 19. Rxe6 fxg2 20. Rxf5 Qd7 21. d5 Rg8 22. Qxg2 Bf8 23. Bg3 Bc5+ 24. Kh1 Qa4 25. b3 Qg4 26. Qf3 Qh3 27. Rh5 Qg4 28. Qxg4 Rxg4 29. d6 f5 30. Rh4 Re4 31. Rhxe4 fxe4 32. Rxe4 Rd7 33. b4 Bb6 34. c4 Bd8 35. c5 Kg7 36. Rf4 Kg6 37. Rf8 Kg7 38. Rf3 Kg6 39. Be5 Kh5 40. Kg2 Kg4 41. h3+ Kh5 42. Kg3 Kg6 43. Kf2 a6 44. Ke3 Kh5 45. Ke4 Kg6 46. Kd5 Kh6 47. Ke6 1-0


[Site "https://www.chess.com"]

[Event "Titled Tuesday Blitz July 20 2021"]
[White "Terletsky, Oleg"]
[Black "Drygalov, Sergey"]
[WhiteFideId "14116774"]
[BlackFideId "24171743"]
[WhiteElo "2417"]
[BlackElo "2774"]
[Result "1/2-1/2"]
[Round "01"]
[TimeControl "180+1"]
[Date "2021.07.21"]
[WhiteClock "0:00:38"]
[BlackClock "0:00:12"]

1. e4 c5 2. Nf3 d6 3. d4 cxd4 4. Nxd4 Nf6 5. Nc3 a6 6. Bc4 e6 7. O-O Be7 8. Bb3 O-O 9. f4 b5 10. f5 e5 11. Nde2 Bb7 12. Ng3 Nbd7 13. Bg5 Rc8 14. Bxf6 Nxf6 15. Nh5 b4 16. Nxf6+ Bxf6 17. Nd5 Bg5 18. Qg4 Bxd5 19. Bxd5 Rxc2 20. g3 Qb6+ 21. Kh1 Bf6 22. b3 Qe3 23. Rae1 Qd2 24. Qh3 Rxa2 25. Rc1 Rc2 26. Ra1 Rfc8 27. Rxa6 Rc1 28. Ra8 Rxa8 29. Bxa8 Qe3 30. Qg2 Rxf1+ 31. Qxf1 Qxb3 32. Bd5 Qc3 33. Qb5 h5 34. Qe8+ Kh7 35. Qxf7 Qe1+ 36. Kg2 Qe2+ 37. Kg1 Qd1+ 38. Kg2 Qe2+ 39. Kg1 Qe1+ 40. Kg2 Qe2+ 1/2-1/2


[Site "https://www.chess.com"]

[Event "Titled Tuesday Blitz July 20 2021"]
[White "Timofeev, Artyom"]
[Black "Vyacheslav_N"]
[WhiteFideId "4140419"]
[WhiteElo "2582"]
[BlackElo "2424"]
[Result "1-0"]
[Round "01"]
[TimeControl "180+1"]
[Date "2021.07.20"]
[WhiteClock "0:02:00"]
[BlackClock "0:00:05"]

1. c4 f5 2. Nc3 e5 3. d4 d6 4. Nf3 Nc6 5. dxe5 Nxe5 6. Bf4 Nxc4 7. Qa4+ c6 8. Qxc4 d5 9. Qd3 Nf6 10. e3 Be7 11. Be2 O-O 12. O-O Ne4 13. Be5 Be6 14. Qc2 Qe8 15. Nd4 Bd7 16. f4 Rc8 17. Rad1 1-0


[Site "https://www.chess.com"]

[Event "Titled Tuesday Blitz July 20 2021"]
[White "Tin, Jingyao"]
[Black "Zong, Davis"]
[WhiteFideId "5804418"]
[BlackFideId "30903955"]
[WhiteElo "2374"]
[BlackElo "2378"]
[Result "1-0"]
[Round "01"]
[TimeControl "180+1"]
[Date "2021.07.21"]
[WhiteClock "0:00:28"]
[BlackClock "0:00:02"]

1. d4 Nf6 2. c4 g6 3. Nc3 d5 4. Nf3 Bg7 5. Qb3 dxc4 6. Qxc4 O-O 7. e4 c6 8. Be2 Be6 9. Qd3 Na6 10. a3 Nc7 11. O-O Qd7 12. Bf4 Rfd8 13. Rad1 Nh5 14. Be3 b5 15. Qc2 a5 16. Ne5 Bxe5 17. dxe5 Qe8 18. Bxh5 gxh5 19. f4 b4 20. Na4 bxa3 21. bxa3 Nb5 22. f5 Bc8 23. Bb6 Rxd1 24. Rxd1 Ba6 25. Nc5 Nxa3 26. Qb3 Be2 27. Re1 Nc4 28. Rxe2 Nxe5 29. Qg3+ Ng6 30. fxg6 hxg6 31. h3 a4 32. Ra2 a3 33. Rxa3 Rb8 34. Bc7 Rb1+ 35. Kh2 Qc8 36. Rd3 Kg7 37. Qe5+ Kh7 38. Rd8 1-0


[Site "https://www.chess.com"]

[Event "Titled Tuesday Blitz July 20 2021"]
[White "Titichoca Daza, Daniel"]
[Black "Turgut, Aydin"]
[WhiteFideId "3309550"]
[BlackFideId "2078791"]
[WhiteElo "1910"]
[BlackElo "2138"]
[Result "0-1"]
[Round "01"]
[TimeControl "180+1"]
[Date "2021.07.21"]
[WhiteClock "0:00:05"]
[BlackClock "0:00:04"]

1. e4 e5 2. Nf3 Nc6 3. Bb5 a6 4. Ba4 Nf6 5. Qe2 b5 6. Bb3 Bc5 7. c3 O-O 8. O-O d6 9. d3 h6 10. Nbd2 Bb6 11. h3 Na5 12. Bc2 c5 13. Re1 Re8 14. Nf1 Nc6 15. Ng3 d5 16. Nh2 b4 17. Ba4 Bd7 18. Qf3 bxc3 19. bxc3 Nd4 20. cxd4 Bxa4 21. dxe5 Rxe5 22. Bf4 Re6 23. Nf5 dxe4 24. dxe4 Qf8 25. e5 Bc6 26. exf6 Bxf3 27. fxg7 Qc8 28. Ne7+ Rxe7 29. Rxe7 Bd5 30. Bxh6 Qd8 31. Rae1 Be6 32. Bg5 Ba5 33. R7xe6 Qc8 34. R6e5 Bxe1 35. Rxe1 Qf5 36. h4 c4 37. Nf3 c3 38. Nd4 Qd3 39. Nc6 c2 40. Bf6 Qd1 41. Ne7+ Kh7 42. g8=Q+ Rxg8 0-1


[Site "https://www.chess.com"]